 Dungeon Crawl Stone Soup version 0.29-a0-8-g0446c0dae4 (webtiles) character file.

Game seed: 6667147627085922477

410 shoop the Covert (level 6, -8/35 HPs)
             Began as a Vampire Brigand on Jan 27, 2022.
             Mangled by Menkaure (20 damage)
             ... on level 4 of the Dungeon.
             The game lasted 00:05:00 (3598 turns).

shoop the Covert (Vampire Brigand)                  Turns: 3598, Time: 00:05:01

Health: -8/35      AC:  3    Str: 10    XL:     6   Next: 58%
Magic:  6/6        EV: 12    Int: 16    God:
Gold:   196        SH:  0    Dex: 15    Spells: 5/5 levels left

rFire   . . .      SeeInvis +   q - +0 short sword (venom)
rCold   + + .      Faith    .   z - orb {*channel}
rNeg    + + +      Spirit   .   t - +0 robe
rPois   ∞          Reflect  .   u - +1 hat
rElec   .          Harm     .   w - scarf {repulsion}
rCorr   .          Rampage  .   (no gloves)
Will    .....                   (no boots)
Stlth   ++++++....              (no amulet)
HPRegen 0.00/turn               (no ring)
MPRegen 0.10/turn               (no ring)

@: mighty, bloodless, inhibited regen, repel missiles
A: bloodless, fangs 3, see invisible, vampiric 2
a: Bat Form, Revivify


You were on level 4 of the Dungeon.
You visited 1 branch of the dungeon, and saw 5 of its levels.

You collected 196 gold pieces.

Inventory:

Hand Weapons
 a - a +2 dagger
 b - the +5 spear "Agamutad" {flame, rElec Str+4}
   (You found it on level 2 of the Dungeon)

   It burns those it strikes, dealing additional fire damage.
   Str:       It affects your strength (+4).
   rElec:     It insulates you from electricity.
 q - a +0 short sword of venom (weapon)
 x - a +1 hand axe of electrocution
Missiles
 d - 18 poisoned darts (quivered)
 e - 2 curare-tipped darts
Armour
 c - a +0 cloak
 t - a +0 robe (worn)
 u - a +1 hat (worn)
 w - a scarf of repulsion (worn)
 z - an orb of energy (worn)
Scrolls
 h - a scroll of fog {unknown}
 l - a scroll of summoning {unknown}
 m - 7 scrolls of identify {unknown}
 n - a scroll of magic mapping {unknown}
 o - a scroll of torment {unknown}
 r - 2 scrolls of teleportation {unknown}
 s - a scroll of blinking {unknown}
 y - a scroll of vulnerability {unknown}
Potions
 f - a potion of invisibility {unknown}
 g - a potion of lignification {unknown}
 i - a potion of might
 j - a potion of curing {unknown}
 k - 2 potions of attraction {unknown}
 p - 3 potions of heal wounds {unknown}
 v - a potion of haste {unknown}


   Skills:
 - Level 1.7 Fighting
 + Level 5.7 Short Blades
 - Level 1.5 Throwing
 - Level 1.1 Dodging
 + Level 9.6 Stealth


You had 5 spell levels left.
You didn't know any spells.
Your spell library contained the following spells:

 Spells                   Type           Power      Damage    Failure   Level
 Slow                     Hex            0%         N/A       26%         1


Dungeon Overview and Level Annotations

Branches:
Dungeon (5/15)
 Temple: D:4-7

Altars:

Annotations:
D:4 Menkaure


Innate Abilities, Weirdness & Mutations

You do not regenerate when monsters are visible.
You are frail without blood (-20% HP).
You can heal yourself when you bite living creatures.
You are immune to poison.
You have razor-sharp teeth.
You have supernaturally acute eyesight. (SInv)
You are afflicted with vampirism and can become a bat while bloodless.


Message History

Level annotation: Menkaure The ogre closely misses you.
There is a stone staircase leading up here.
You climb upwards.
There is a stone staircase leading down here.
You puncture the ogre!
The ogre is poisoned.
The ogre is moderately wounded.
The ogre misses you.
You hit the ogre.
The ogre looks as sick as possible!
The ogre is moderately wounded.
The ogre barely misses you.
You kill the ogre!
There is a stone staircase leading down here.
You see here a +0 giant club.
You climb downwards.
Level annotation: Menkaure
There is a stone staircase leading up here.
There is a stone staircase leading up here.
Found a stone staircase leading down.
Menkaure shouts!
There is an escape hatch in the ceiling here.
Menkaure mumbles some strange words.
Menkaure seems to speed up.
Menkaure hits you. A mysterious force pulls you upwards.
The hatch slams shut behind you.
Menkaure enters a dispersal trap!
You blink.
You stop ascending the stairs.
Menkaure blinks!
Level annotation: Menkaure You hit Menkaure.
Menkaure is lightly damaged.
Menkaure hits you!
You barely miss Menkaure.
Menkaure is lightly damaged.
Menkaure hits you!
You aren't carrying any items that you can evoke.
It was a potion of might.
You feel very mighty all of a sudden. Menkaure hits you!!
Ouch! That really hurt!
You die...

............#.#.##........[......
#.#.#######.....................#
...## ###.#.##...######..÷)##
#.## #.#.##....#####..#### ..#
#.#.##[.............. ..#
#.#.##########...#### .##
#########...## #.#.# # .#
#.......^....## #.#.# # .#
#.#####.....@.# ###.#.# # .#
#.#####.....M.# #.....# #
.####.............# #.....####
....########.....## #........#
.##.# #....## #......... .##.#
#.#.## #.....##.# ....# #.#.#
########.. ###.### #.#.# #.....
......######.#.####### #.####


You could see Menkaure (fast).

Vanquished Creatures
  A necrophage (D:4)
  An ogre (D:4)
  A howler monkey (D:4)
  2 hounds (D:4)
  2 hound skeletons
  A gnoll (D:4)
  2 adders
  A white imp (D:3)
  3 adder skeletons (D:4)
  3 worms
  A dart slug (D:3)
  3 orcs (D:3)
  An endoplasm (D:4)
  A giant cockroach (D:4)
  4 goblins
  7 hobgoblins
  3 jackals (D:3)
  13 kobolds
  2 quokkas (D:2)
  11 ball pythons
  2 bats
  6 frilled lizards
  4 rats
75 creatures vanquished.

Notes
Turn   | Place    | Note
-------+----------+-------------------------------------------
     0 | D:1      | shoop the Vampire Brigand began the quest for the Orb.
     0 | D:1      | Reached XP level 1. HP: 16/16 MP: 1/1
   111 | D:1      | Reached skill level 6 in Stealth
   316 | D:1      | Reached XP level 2. HP: 17/17 MP: 2/2
   591 | D:1      | Found a faded altar of an unknown god.
   600 | D:1      | Got Plato's Grimoire of Beguiling
  1105 | D:2      | Gained mutation: You are afflicted with vampirism and can
                  | become a bat while bloodless. [Vampire growth]
  1105 | D:2      | Reached XP level 3. HP: 21/21 MP: 3/3
  1632 | D:2      | Identified the +5 spear "Agamutad" {flame, rElec Str+4}
  1787 | D:3      | Reached skill level 7 in Stealth
  2098 | D:3      | Reached XP level 4. HP: 26/26 MP: 4/4
  2858 | D:4      | Reached skill level 8 in Stealth
  2858 | D:4      | Reached XP level 5. HP: 18/30 MP: 5/5
  3163 | D:4      | Noticed a necrophage
  3182 | D:4      | Killed a necrophage
  3183 | D:4      | Reached skill level 5 in Short Blades
  3386 | D:4      | Reached XP level 6. HP: 35/35 MP: 6/6
  3439 | D:5      | Entered Level 5 of the Dungeon
  3439 | D:5      | Noticed Menkaure
  3456 | D:5      | Reached skill level 9 in Stealth
  3598 | D:4      | Mangled by Menkaure

Illustrated notes

Levels and vault maps discovered:
D:1:      dpeg_arrival_boxorama, layout_rooms,
          shapermc_ecumenical_altar_rom_forum, hangedman_decor_peaks_small
D:2:      layout_basic
D:3:      layout_loops_ring
D:4:      layout_loops_ring
D:5:      layout_rooms, mainiacjoe_overflow_cross_hatched, uniq_menkaure

Skill      XL: |  1  2  3  4  5  6 |
---------------+-------------------+-----
Stealth        | 6 7 8 9 |  9.6
Short Blades   | 3 4 5 |  5.7
Fighting       | |  1.7
Throwing       | |  1.5
Dodging        | |  1.1

Action                   |  1- 3 |  4- 6 || total
-------------------------+-------+-------++-------
Melee: Dagger            |    43 |       ||    43
       Short sword       |    39 |    65 ||   104
       Bite              |     6 |    10 ||    16
       Punch             |       |     1 ||     1
 Abil: Exsanguinate      |     1 |       ||     1
  Use: Potion            |       |     1 ||     1
 Stab: Sleeping          |    24 |    15 ||    39
Armor: Robe              |    10 |     8 ||    18
Dodge: Dodged            |    20 |    31 ||    51

Table legend: (Time is in decaauts)
 A = Elapsed time spent in this place.
 B = Non-inter-level travel time spent in this place.
 C = Inter-level travel time spent in this place.
 D = Time resting spent in this place.
 E = Time spent auto-exploring this place.
 F = Levels seen in this place.
 G = Mean time per level.
                   A        B        C        D        E       F      G
               +--------+--------+--------+--------+--------+-----+--------+
         Total |   3587 |   3419 |    168 |      6 |   2795 |   5 |  717.4 |
       Dungeon |   3587 |   3419 |    168 |      6 |   2795 |   5 |  717.4 |
               +--------+--------+--------+--------+--------+-----+--------+

Top non-repeatable levels by time:
     D:4: 968 daAuts
     D:2: 890 daAuts
     D:1: 860 daAuts
     D:3: 835 daAuts
     D:5: 32 daAuts
